 Dungeon Crawl Stone Soup version 0.21-a0-186-g02e8684 (webtiles) character file.

679 polean the Charmwright (level 7, -23/51 HPs)
             Began as a Human Skald on Aug 13, 2017.
             Was an Initiate of Qazlal.
             Annihilated by an ogre
             ... wielding a +0 giant spiked club
              (26 damage)
             ... on level 5 of the Dungeon.
             The game lasted 00:36:13 (4658 turns).

polean the Charmwright (Human Skald)                Turns: 4658, Time: 00:36:15

Health: -23/51     AC:  6    Str: 16 (17) XL:     7   Next: 92%
Magic:  12/12      EV: 12    Int: 15 (18) God:    Qazlal [......]
Gold:   216        SH:  0    Dex:  9 (12) Spells: 2/13 levels left

rFire    . . .     SeeInvis .   e - +2 scythe (freeze)
rCold    + . .     Gourm    .   (shield currently unavailable)
rNeg     . . .     Faith    .   b - +0 leather armour
rPois    .         Spirit   .   (no helmet)
rElec    +         Reflect  .   r - +1 cloak of Funyer {rElec Str+4 Int+4 Stlth+}
rCorr    .         Harm     .   (no gloves)
MR       .....     Clarity  +   s - +0 pair of boots
Stlth    ++........             (no amulet)
HPRegen  0.57/turn              m - ring of protection from cold
MPRegen  0.13/turn              (no ring)

@: no status effects
A: clarity, sense surroundings 1, regeneration 1, wild magic 1
a: Renounce Religion


You were on level 5 of the Dungeon.
You worshipped Qazlal.
Qazlal was noncommittal.
You were hungry.

You visited 1 branch of the dungeon, and saw 5 of its levels.

You collected 216 gold pieces.

Inventory:

Hand Weapons
 e - a +2 scythe of freezing (weapon)
Armour
 b - a +0 leather armour (worn)
 r - the +1 cloak of Funyer (worn) {rElec Str+4 Int+4 Stlth+}
   (You found it on level 5 of the Dungeon)

   It affects your strength (+4).
   It affects your intelligence (+4).
   It insulates you from electricity.
   It makes you more stealthy.
 s - a +0 pair of boots (worn)
Jewellery
 m - a ring of protection from cold (left hand)
Wands
 p - a wand of enslavement (7/24)
Scrolls
 l - a scroll of remove curse
Potions
 h - 2 potions of heal wounds
 k - a potion of curing
 n - a potion of magic
 q - a potion of flight
Books
 c - a book of Battle

   Spells                             Type                      Level
   a - Infusion                       Charms                       1
   b - Shroud of Golubria             Charms/Translocation         2
   c - Song of Slaying                Charms                       2
   d - Spectral Weapon                Hexes/Charms                 3
   e - Regeneration                   Charms/Necromancy            3
Comestibles
 d - 4 bread rations
 f - 5 chunks of flesh
 g - 3 royal jellies
 o - 2 meat rations


   Skills:
 + Level 2.6 Fighting
   Level 2.2(3.3) Short Blades
   Level 3.7(4.0) Long Blades
 + Level 2.8 Armour
 + Level 3.3 Dodging
 + Level 1.0 Stealth
 + Level 3.9 Spellcasting
 + Level 4.4 Charms
 + Level 1.0 Translocations


You had 2 spell levels left.
You knew the following spells:

 Your Spells              Type           Power        Failure   Level  Hunger
a - Infusion              Chrm           ###.         6%          1    None
b - Shroud of Golubria    Chrm/Tloc      ##........   16%         2    ##.....
c - Song of Slaying       Chrm           ###.....     9%          2    ##.....
d - Regeneration          Chrm/Necr      ##........   34%         3    ###....
e - Spectral Weapon       Hex/Chrm       ##......     34%         3    ###....


Dungeon Overview and Level Annotations

Branches:
Dungeon (5/15)             Temple (0/1) D:4

Altars:
Hepliaklqana
Qazlal
Trog
Zin


Innate Abilities, Weirdness & Mutations

You possess an exceptional clarity of mind.
You passively map a small area around you.
Your natural rate of healing is unusually fast.
Your spells are a little harder to cast, but a little more powerful.


Message History

A puff of frost appears from out of thin air!
The puff of frost hits something.
Reactivating autopickup.
The ogre hits you with a giant spiked club.
You hit the ogre. You freeze the ogre.
The ogre is lightly wounded.
The ogre closely misses you.
You barely miss the ogre.
The ogre is lightly wounded.
The ogre hits you with a giant spiked club!!
* * * LOW HITPOINT WARNING * * *
The ogre hits you but does no damage.
You hit the ogre. You freeze the ogre.
The ogre is moderately wounded.
The orc priest invokes the aid of Beogh against you.
Beogh smites you!
* * * LOW HITPOINT WARNING * * *
The ogre hits you with a giant spiked club!!
Ouch! That really hurt!
You die...

.## * *.., , , .#### *
###..... ,
##################oo.!# *
#...............@O.o..#
#...##############oo..####**
#.(.####### * #(o......
#.........# #...)....###
#........)###*#........#* ,
#.._............(.........
#......................### *
#.........#####.......... ,
#.........<.............##


You could see an ogre, an orc priest and 5 orcs.

Vanquished Creatures
  Sigmund (D:5)
  A black bear (D:4)
  An ogre (D:5)
  A scorpion (D:4)
  A centaur skeleton (D:4)
  An iguana (D:4)
  Natasha (D:4)
  2 worker ants (D:4)
  4 gnolls (D:3)
  6 adders
  2 oozes
  5 dart slugs
  3 leopard geckos
  2 orcs
  A ball python (D:3)
  7 bats
  5 giant cockroaches
  8 goblins
  5 hobgoblins
  2 quokkas (D:3)
  3 frilled lizards
  A jackal skeleton (D:4)
  5 kobolds
  11 rats
79 creatures vanquished.

Vanquished Creatures (others)
  An orc wizard (D:5)
1 creature vanquished.

Grand Total: 80 creatures vanquished

Notes
Turn   | Place    | Note
-------+----------+-------------------------------------------
     0 | D:1      | polean the Human Skald began the quest for the Orb.
     0 | D:1      | Reached XP level 1. HP: 16/16 MP: 3/3
   101 | D:1      | Reached XP level 2. HP: 19/22 MP: 0/5
   141 | D:1      | Learned a level 2 spell: Shroud of Golubria
   144 | D:1      | Learned a level 2 spell: Song of Slaying
   640 | D:1      | Reached XP level 3. HP: 27/27 MP: 1/6
  1750 | D:2      | Gained mutation: Your muscles are strong. (Str +2) [potion of mutation]
  1750 | D:2      | Gained mutation: Scrolls take you a little longer to read. [potion of mutation]
  1750 | D:2      | Gained mutation: You are partially covered in molten scales. (AC +2) [potion of mutation]
  1751 | D:2      | Lost mutation: Scrolls take you a little longer to read. [potion of mutation]
  1751 | D:2      | Lost mutation: You are partially covered in molten scales. (AC +2) [potion of mutation]
  1751 | D:2      | Lost mutation: Your muscles are strong. (Str +2) [potion of mutation]
  1751 | D:2      | Gained mutation: You possess an exceptional clarity of mind. [potion of mutation]
  1751 | D:2      | Gained mutation: Your natural rate of healing is unusually fast. [potion of mutation]
  1751 | D:2      | Gained mutation: You passively map a small area around you. [potion of mutation]
  1751 | D:2      | Gained mutation: Your spells are a little harder to cast, but a little more powerful. [potion of mutation]
  1763 | D:2      | Reached skill level 1 in Short Blades
  1763 | D:2      | Reached XP level 4. HP: 30/33 MP: 3/7
  2210 | D:3      | Found a bloodstained altar of Trog.
  2338 | D:3      | Reached XP level 5. HP: 35/38 MP: 0/8
  3342 | D:4      | Learned a level 3 spell: Regeneration
  3396 | D:4      | Found a stormy altar of Qazlal.
  3450 | D:4      | Became a worshipper of Qazlal Stormbringer
  3486 | D:4      | Found a glowing silver altar of Zin.
  3521 | D:4      | Reached XP level 6. HP: 45/45 MP: 1/10
  3601 | D:4      | Reached skill level 4 in Charms
  3707 | D:4      | Found a staircase to the Ecumenical Temple.
  3810 | D:4      | Noticed a black bear
  3819 | D:4      | Killed a black bear
  3819 | D:4      | Reached XP level 7. HP: 51/51 MP: 3/12
  3824 | D:4      | Learned a level 3 spell: Spectral Weapon
  4144 | D:4      | Noticed Natasha
  4154 | D:4      | Killed Natasha
  4243 | D:5      | Entered Level 5 of the Dungeon
  4274 | D:5      | Reached skill level 1 in Translocations
  4447 | D:5      | Noticed Sigmund
  4469 | D:5      | Killed Sigmund
  4469 | D:5      | Reached skill level 1 in Stealth
  4545 | D:5      | Got an ichor-stained cloak
  4556 | D:5      | Identified the +1 cloak of Funyer {rElec Str+4 Int+4 Stlth+} (You found it on level 5 of the Dungeon)
  4596 | D:5      | Found a hazy altar of Hepliaklqana.
  4658 | D:5      | Annihilated by an ogre

Vault maps used:
D:1:      grunt_arrival_crossed_arrows
D:3:      first_bread, trog_three_pillars_becter
D:4:      kennysheep_little_box, overflow_temple_1_default,
          minmay_temple_entry_poolview, uniq_natasha
D:5:      basic_altar, nicolae_dithmenos_through_a_glass_darkly, uniq_sigmund

Skill      XL: |  1  2  3  4  5  6  7 |
---------------+----------------------+-----
Short Blades   | 1 2 |  2.2
Armour         | 2 |  2.8
Charms         | 4 |  4.4
Spellcasting   | 3 |  3.9
Dodging        | 3 |  3.3
Long Blades    | 3 |  3.7
Translocations | 1 |  1.0
Stealth        | 1 |  1.0
Fighting       | |  2.6

Action                   |  1- 3 |  4- 6 |  7- 9 || total
-------------------------+-------+-------+-------++-------
Melee: Falchion          |    16 |    25 |    37 ||    78
       Dagger            |    66 |    92 |       ||   158
       Scythe            |       |       |    22 ||    22
 Cast: Infusion          |    24 |    25 |     5 ||    54
       Shroud of Golubri |       |     6 |     2 ||     8
       Song of Slaying   |       |       |     1 ||     1
  Use: Potion            |     7 |     2 |     7 ||    16
       Scroll            |     2 |     2 |     2 ||     6
 Stab: Sleeping          |       |     1 |       ||     1
  Eat: Chunk             |     1 |     4 |     2 ||     7
       Meat ration       |     1 |       |       ||     1
       Fruit             |     1 |       |       ||     1
Armor: Leather armour    |    21 |    27 |    11 ||    59
Dodge: Dodged            |    79 |    64 |    36 ||   179
       Rpst.: Falchion   |     6 |     6 |     4 ||    16
